 Dungeon Crawl Stone Soup version 0.20-a0-537-g052e6ba (webtiles) character file.

289 Asddderdsw the Stinger (level 6, -2/41 HPs)
             Began as an Octopode Venom Mage on Jan 28, 2017.
             Slain by a jelly (3 damage)
             ... on level 5 of the Dungeon.
             The game lasted 00:23:42 (3291 turns).

Asddderdsw the Stinger (Octopode Venom Mage)        Turns: 3291, Time: 00:23:42

Health: -2/41      AC: -1    Str: 13    XL:     6   Next: 31%
Magic:  11/11      EV: 13    Int: 19    God:
Gold:   142        SH:  9    Dex: 14    Spells: 2/12 levels left

rFire    . . .     SeeInvis .     - Unarmed
rCold    . . .     Gourm    .   s - +0 buckler
rNeg     . . .     Faith    .   (helmet restricted)
rPois    .         Spirit   .   d - +6 amulet of reflection
rElec    .         Reflect  +   (no ring)
rCorr    .         Harm     .   (no ring)
MR       .....                  (no ring)
Stlth    ++++......             (no ring)
Regen    0.2/turn               (no ring)
                                (no ring)
                                (no ring)
                                (no ring)

@: mighty, corroded
A: almost no armour, stealthy swim, amphibious, 8 rings, constrict 8, thin
metallic scales 1, camouflage 1, agile 1, robust 1, gelatinous body 1
a: no special abilities


You were on level 5 of the Dungeon.
You were not hungry.

You visited 1 branch of the dungeon, and saw 5 of its levels.

You collected 142 gold pieces.

Inventory:

Hand Weapons
 e - a +0 flail
 p - a +1 broad axe
Missiles
 j - 180 stones (quivered)
 k - 90 arrows
 x - 7 silver javelins
Armour
 s - a +0 buckler (worn)
Jewellery
 d - a +6 amulet of reflection (around mantle)
 q - a +3 amulet of reflection
Scrolls
 c - a scroll of fear {unknown}
 h - a scroll of remove curse
Potions
 n - a potion of lignification {unknown}
 o - a potion of haste {unknown}
Books
 a - a Young Poisoner's Handbook

   Spells                             Type                      Level
   a - Sting                          Conjuration/Poison           1
   b - Poisonous Vapours              Poison/Air                   2
   c - Mephitic Cloud                 Conjuration/Poison/Air       3
   d - Olgreb's Toxic Radiance        Poison                       4
   e - Venom Bolt                     Conjuration/Poison           5
Comestibles
 b - 3 bread rations
 f - 3 royal jellies
 g - 3 meat rations


   Skills:
 * Level 1.1 Fighting
 + Level 2.8 Dodging
 + Level 3.8 Stealth
 + Level 0.2 Shields
 + Level 1.4 Unarmed Combat
 + Level 3.5 Spellcasting
 + Level 1.9 Conjurations
 + Level 0.8 Air Magic
 + Level 5.0 Poison Magic


You had 2 spell levels left.
You knew the following spells:

 Your Spells              Type           Power        Failure   Level  Hunger
a - Sting                 Conj/Pois      ###.         8%          1    None
b - Poisonous Vapours     Pois/Air       ##....       12%         2    ##.....
c - Mephitic Cloud        Conj/Pois/Air  ##......     30%         3    ###....
d - Olgreb's Toxic Radia  Pois           ###.....     34%         4    ####...


Dungeon Overview and Level Annotations

Branches:
Dungeon (5/15)             Temple (0/1) D:5

Altars:
Dithmenos
Kikubaaqudgha
Makhleb
Okawaru
Sif Muna
Trog
Yredelemnul
Zin


Innate Abilities, Weirdness & Mutations

You cannot wear most types of armour.
You are very stealthy in the water. (Stealth+)
You are amphibious.
You can wear up to eight rings at the same time.
You can use your tentacles to constrict eight enemies at once.
Your skin changes colour to match your surroundings (Stealth+).
Your rubbery body absorbs attacks. (AC +1, EV +1)
You are partially covered in thin metallic scales. (AC +2)
You are agile. (Dex +2)
You are robust. (+10% HP)


Message History

You barely miss the jelly.
The jelly is severely wounded.
The jelly hits you.
You are splashed with acid!
The acid burns!
You tentacle-slap the jelly but do no damage.
Your tentacles burn!
* * * LOW HITPOINT WARNING * * *
The jelly is severely wounded.
The jelly closely misses you.
It was a potion of mutation.
You feel extremely strange.
Thin metallic scales grow over part of your body.
You feel agile.
You feel robust. The jelly hits you.
* * * LOW HITPOINT WARNING * * *
You are splashed with acid!
The acid burns!
* * * LOW HITPOINT WARNING * * *
Okay, then.
It was a potion of might.
You feel very mighty all of a sudden. The jelly hits you.
You die...

####'#.#.*.,,*,*,*,,,,,,**,**,***
# #..#.#.*#*.#.*.#,***,**,,,,,,*
# #..#..#.,,*.?#.#,,,,,**,**,*,*
####...#..*##,?#..#+####**,**,*,*
........##...##.........,,,**,*,*
####......##*...........,,,,,,,,,
...#.<<....#*#.#.[......,,***,,,*
##.#....##.###.#........,,* *,***
........##..##.#@J.(..(.,,* *,*
.#.###..##..##.#.#############*
.#.# #..##...................#
.#.###.....#+#.#.##..........#
.................##..........#
#####............##..........#
..,..............##..........#
#**##............##..........# #
**#............##..........#


You could see a jelly.

Vanquished Creatures
  A scorpion (D:5)
  A centaur zombie (D:4)
  A hound (D:5)
  A worker ant (D:4)
  A killer bee zombie (D:5)
  4 adders
  A shadow imp (D:5)
  2 oozes
  A worm (D:5)
  An adder skeleton (D:4)
  2 dart slugs
  A leopard gecko (D:4)
  7 orcs
  5 giant cockroaches
  7 goblins
  11 hobgoblins
  2 quokkas
  2 ball pythons (D:4)
  9 bats
  4 frilled lizards
  A jackal skeleton (D:4)
  5 kobolds
  4 rats
74 creatures vanquished.

Vanquished Creatures (others)
  A kobold (D:2)
1 creature vanquished.

Grand Total: 75 creatures vanquished

Notes
Turn   | Place    | Note
-------+----------+-------------------------------------------
     0 | D:1      | Asddderdsw the Octopode Venom Mage began the quest for the Orb.
     0 | D:1      | Reached XP level 1. HP: 11/11 MP: 3/3
   288 | D:1      | Reached skill level 4 in Poison Magic
   361 | D:1      | Reached XP level 2. HP: 8/17 MP: 0/5
   365 | D:1      | Learned a level 2 spell: Poisonous Vapours
   892 | D:2      | Reached XP level 3. HP: 20/21 MP: 1/6
   897 | D:2      | Learned a level 3 spell: Mephitic Cloud
  1065 | D:2      | Found an iron altar of Okawaru.
  1326 | D:2      | Reached XP level 4. HP: 24/27 MP: 5/7
  1748 | D:3      | Found a glowing silver altar of Zin.
  2154 | D:4      | Reached XP level 5. HP: 17/31 MP: 7/9
  2174 | D:4      | Learned a level 4 spell: Olgreb's Toxic Radiance
  2631 | D:4      | Reached skill level 1 in Unarmed Combat
  2668 | D:5      | Entered Level 5 of the Dungeon
  2668 | D:5      | Found a staircase to the Ecumenical Temple.
  2727 | D:5      | Reached skill level 5 in Poison Magic
  3027 | D:5      | Found a shadowy altar of Dithmenos.
  3027 | D:5      | Found a burning altar of Makhleb.
  3035 | D:5      | Found a bloodstained altar of Trog.
  3040 | D:5      | Found a deep blue altar of Sif Muna.
  3042 | D:5      | Found an ancient bone altar of Kikubaaqudgha.
  3091 | D:5      | Reached skill level 1 in Fighting
  3091 | D:5      | Reached XP level 6. HP: 38/38 MP: 6/11
  3215 | D:5      | Found a basalt altar of Yredelemnul.
  3290 | D:5      | Gained mutation: You are partially covered in thin metallic scales. (AC +2) [potion of mutation]
  3290 | D:5      | Gained mutation: You are agile. (Dex +2) [potion of mutation]
  3290 | D:5      | Gained mutation: You are robust. (+10% HP) [potion of mutation]
  3290 | D:5      | HP: 1/41 [acid (5)]
  3291 | D:5      | Slain by a jelly

Vault maps used:
D:1:      minmay_arrival_plants_in_alcoves, minivault_19
D:2:      okawaru_altar_gauntlet_db
D:3:      zin_scriptorium, minmay_misc_feat_nine_boxes
D:4:      first_bread, hangedman_decor_points, kennysheep_generic_room_3
D:5:      chequers_temple_overflow_minitemple, yredelemnul_altar_generic,
          minmay_temple_entry_steel_oval

Skill      XL: |  1  2  3  4  5 |
---------------+----------------+-----
Poison Magic   | 4 5 |  5.0
Stealth        | 3 |  3.8
Spellcasting   | 3 |  3.5
Unarmed Combat | 1 |  1.4
Fighting       | 1 |  1.1
Dodging        | |  2.8
Shields        | |  0.2
Conjurations   | |  1.9
Air Magic      | |  0.8

Action                   |  1- 3 |  4- 6 || total
-------------------------+-------+-------++-------
Melee: Unarmed           |    34 |   107 ||   141
       Constrict         |     7 |    22 ||    29
       Tentacles         |     9 |    19 ||    28
       Punch             |       |     2 ||     2
Throw: Javelin           |       |     1 ||     1
       Stone             |       |     3 ||     3
 Cast: Sting             |    39 |    56 ||    95
       Poisonous Vapours |     1 |     9 ||    10
       Mephitic Cloud    |     1 |     1 ||     2
  Use: Potion            |       |     4 ||     4
       Scroll            |       |     7 ||     7
 Stab: Sleeping          |       |     4 ||     4
  Eat: Chunk             |     2 |     7 ||     9
Armor: Skin              |     3 |     9 ||    12
Dodge: Dodged            |    28 |    70 ||    98
Block: Other             |    13 |    25 ||    38
       Reflection        |     7 |     1 ||     8
       Buckler           |       |     8 ||     8
